[Event "Late-Titled-Tuesday-Blitz-June-04-2024"]
[Site "Chess.com"]
[Date "2024.06.04"]
[Round "1"]
[White "katharinareinecke"]
[Black "Cambek64"]
[Result "0-1"]
[WhiteElo "1968"]
[BlackElo "2530"]
[TimeControl "180+1"]
[EndTime "14:06:56 PDT"]
[Termination "Cambek64 won on time"]

1. d4 Nf6 2. Nf3 c5 3. g3 cxd4 4. Nxd4 e5 5. Nf5 d5 6. e4 Nxe4 7. Ne3 d4 8. Nc4 Nc6 9. Bg2 Nd6 10. Nbd2 Nxc4 11. Nxc4 Bd6 12. O-O O-O 13. Re1 Be6 14. Nxd6 Qxd6 15. c3 Bd5 16. cxd4 Bxg2 17. Kxg2 Nxd4 18.
Be3 Qc6+ 19. f3 Nc2 20. Rc1 Nxe1+ 21. Qxe1 Qd5 22. b3 Rfc8 23. Rd1 Rc2+ 24. Bf2 Qe6 25. Qe4 Rc6 26. Qd3 h6 27. Be3 a6 28. Qe4 f5 29.
Qd3 Re8 30. Qd7 Qxd7 31. Rxd7 Rc2+ 32. Kh3 b5 33. a4 bxa4 34. bxa4 Ra2 35. Bc5 Rxa4 36.
Bd6 Rd4 0-1

[Event "Late-Titled-Tuesday-Blitz-June-04-2024"]
[Site "Chess.com"]
[Date "2024.06.04"]
[Round "1"]
[White "cthake"]
[Black "TimGrutter03"]
[Result "0-1"]
[WhiteElo "1756"]
[BlackElo "2527"]
[TimeControl "180+1"]
[EndTime "14:06:57 PDT"]
[Termination "TimGrutter03 won by resignation"]

1. c4 e6 2. Nc3 b6 3. d4 Bb7 4. e4 Bb4 5. Bd3 Nf6 6. Qe2 d5 7.
cxd5 exd5 8. e5 Ne4 9. Bd2 Bxc3 10. bxc3 O-O 11. Nf3 c5 12. O-O Nd7 13. Bxe4 dxe4 14.
Ng5 cxd4 15. cxd4 Nb8 16. Qe3 Qd5 17. Bb4 Rd8 18. Bd6 Nc6 19. Rfd1 Na5 20. f4 Nc4 21. Qb3 Nxd6 22. Qxd5 Bxd5 23. exd6 Rxd6 24. Rac1 h6 25.
Nh3 Bxa2 26. Rc7 a5 27. Nf2 Bd5 28. Re7 Kf8 29. Re5 f6 30. Nxe4 Rd7 31. Rxd5 Rxd5 32.
Nc3 Rd7 33. Nb5 a4 34. Na3 Rd5 35. Rb1 Rxd4 36. Rxb6 Rd3 37. Nb1 a3 38. Kf2 a2 0-1

[Event "Late-Titled-Tuesday-Blitz-June-04-2024"]
[Site "Chess.com"]
[Date "2024.06.04"]
[Round "1"]
[White "Viktoker"]
[Black "ReadySkate"]
[Result "0-1"]
[WhiteElo "2389"]
[BlackElo "2710"]
[TimeControl "180+1"]
[EndTime "14:06:59 PDT"]
[Termination "ReadySkate won by resignation"]

1. d4 Nf6 2. Nf3 g6 3. Nc3 d5 4. Bf4 Bg7 5. Nb5 Na6 6. e3 O-O 7. Nc3 c6 8. Bxa6 bxa6 9. O-O Bf5 10. Na4 Nd7 11. h3 Re8 12. Rc1 f6 13. Bh2 e5 14. c4 e4 15. Nd2 Be6 16. cxd5 cxd5 17. Nb3 Bf7 18. Qd2 Nb6 19. Nbc5 f5 20. Nb7 Qh4 21. Rc7 Rac8 22. Rfc1 Rxc7 23. Rxc7 Nxa4 24. Nd6 Rf8 25. Qb4 Nb6 26. a4 Qh5 27. Bg3 Qd1+ 28. Kh2 Qxa4 29. Qc3 Be6 30. Rxa7 Nc4 31. Nb7 Qb5 32. Nc5 Bc8 33. b3 Qa5 34. Qc1 Qd2 35. Qa1 f4 36. exf4 Bxd4 37. Qa4 Bxc5 38. Rc7 Bxf2 39.
bxc4 Bxg3+ 0-1

[Event "Late-Titled-Tuesday-Blitz-June-04-2024"]
[Site "Chess.com"]
[Date "2024.06.04"]
[Round "1"]
[White "TanitoluwaAps116"]
[Black "laskakid"]
[Result "1-0"]
[WhiteElo "2694"]
[BlackElo "2378"]
[TimeControl "180+1"]
[EndTime "14:07:00 PDT"]
[Termination "TanitoluwaAps116 won by resignation"]

1. Nf3 f5 2. d4 Nf6 3. Nc3 e6 4. Bg5 Be7 5. Bxf6 Bxf6 6. e4 O-O 7. Bd3 d5 8. exf5 exf5 9. O-O Nc6 10. Bb5 Qd6 11. Ba4 Kh8 12. Re1 Be6 13. Nb5 Qd7 14.
Rxe6 Qxe6 15. Nxc7 Qe4 16. Nxa8 Rxa8 17. c3 Re8 18.
Bc2 Qe6 19. Qd3 g6 20. Kf1 Qf7 21. Bb3 Na5 22. Re1 Rxe1+ 23. Nxe1 Nxb3 24. axb3 Qd7 25. Nc2 Kg7 26. g3 a6 27. Kg2 h5 28. Qf3 a5 29.
Ne3 a4 30. Qxd5 Qe7 31. bxa4 f4 32. gxf4 h4 33. h3 Qc7 34. f5 g5 35. Qe6 b6 36.
Qxf6+ Kxf6 37. Nd5+ Kxf5 38. Nxc7 1-0

[Event "Late-Titled-Tuesday-Blitz-June-04-2024"]
[Site "Chess.com"]
[Date "2024.06.04"]
[Round "1"]
[White "SilverCityIndigo"]
[Black "frederiksvane"]
[Result "0-1"]
[WhiteElo "2469"]
[BlackElo "2885"]
[TimeControl "180+1"]
[EndTime "14:07:01 PDT"]
[Termination "frederiksvane won by resignation"]

1. d4 Nf6 2. c4 e6 3. Nf3 d5 4.
Nc3 Nbd7 5. cxd5 exd5 6. Bf4 Nb6 7. e3 Bd6 8. Bd3 O-O 9. O-O Bxf4 10. exf4 Bg4 11. Be2 Bxf3 12. Bxf3 c6 13. g3 Nc4 14. b3 Nd6 15. Qd3 Re8 16. Rfe1 Qa5 17.
Re5 Nd7 18. Re3 Rxe3 19. fxe3 Re8 20. a3 g6 21. Ra2 Qd8 22. Kg2 Qe7 23. Re2 Nf6 24.
g4 a5 25. Na4 Nfe4 26. Nc5 b6 27. Na4 Qb7 28. Rc2 Re6 29. h4 Nb5 30. h5 Nxa3 31. Rc1 Nb5 32. hxg6 hxg6 33. f5 Qc7 34. Kf1 Qg3 35.
Qe2 Nxd4 36. exd4 Nd2+ 37. Qxd2 Qxf3+ 38. Qf2 Qd3+ 39. Kg1 Re2 40. Rc3 Qd1+ 41. Kg2 Rxf2+ 42. Kxf2 Qxd4+ 43. Kf3 b5 0-1

[Event "Late-Titled-Tuesday-Blitz-June-04-2024"]
[Site "Chess.com"]
[Date "2024.06.04"]
[Round "1"]
[White "mac0504"]
[Black "Bkmzzzzz"]
[Result "1-0"]
[WhiteElo "2745"]
[BlackElo "2418"]
[TimeControl "180+1"]
[EndTime "14:07:01 PDT"]
[Termination "mac0504 won by checkmate"]

1. c4 e5 2. Nc3 d6 3. g3 f5 4.
Bg2 Nf6 5. d4 e4 6. f3 exf3 7.
Nxf3 g6 8. O-O Bg7 9. e4 fxe4 10. Ng5 O-O 11. Ngxe4 Nxe4 12. Nxe4 Nc6 13. Be3 Bf5 14. Ng5 Qd7 15. Bd5+ Kh8 16. Qd2 Rae8 17. Kh1 h6 18.
Nf3 Kh7 19. Nh4 Be4+ 20. Bxe4 Rxe4 21. Rxf8 Bxf8 22. Rf1 Bg7 23. d5 Ne5 24. b3 Qh3 25. Ng2 a6 26. Bg1 h5 27. Qc2 Rg4 28. Qe2 Bh6 29. Nf4 Bxf4 30. gxf4 Nf7 31. Rf3 Qh4 32.
Qe6 Kg7 33. Bd4+ Kf8 34. Bf6 g5 35. Qe7+ Kg8 36. Qe8+ Kh7 37. Qxf7+ Kh6 38. Qg7# 1-0

[Event "Late-Titled-Tuesday-Blitz-June-04-2024"]
[Site "Chess.com"]
[Date "2024.06.04"]
[Round "1"]
[White "Itay121"]
[Black "OIAM03"]
[Result "1-0"]
[WhiteElo "2536"]
[BlackElo "2045"]
[TimeControl "180+1"]
[EndTime "14:07:02 PDT"]
[Termination "Itay121 won on time"]

1. e4 c5 2. Nf3 d6 3. b4 cxb4 4.
d4 Nf6 5. Bd3 e6 6. a3 Be7 7.
O-O O-O 8. axb4 a6 9. c3 Nc6 10.
Re1 b5 11. Nbd2 Bb7 12. Qc2 e5 13. d5 Nb8 14. Nb3 Nbd7 15. Na5 Qc7 16. Nh4 Nb6 17. Nf5 Rfe8 18. Qb1 Bc8 19. Re3 Bxf5 20. exf5 Nbxd5 21. Rg3 Nxc3 22. Qc2 Nfd5 23. f6 Bxf6 24. Bxh7+ Kf8 25. Bb2 Na4 26. Qxc7 Nxc7 27. Bc1 e4 28. Raa3 Nd5 29. h4 Rac8 30. Bd2 Rc2 31. Bg5 Be5 32. Rg4 Rec8 33. g3 f6 34. Bxe4 Re2 35. Bxd5 fxg5 36. Rf3+ Ke7 37. Nc6+ Ke8 38. Rxg5 Bf6 39. Rh5 Kd7 40. Rh7 Rxc6 41. Rxf6 Rc1+ 42. Kg2 Kc7 43. Rxg7+ 1-0

[Event "Late-Titled-Tuesday-Blitz-June-04-2024"]
[Site "Chess.com"]
[Date "2024.06.04"]
[Round "1"]
[White "jefferyx"]
[Black "dosto07"]
[Result "1-0"]
[WhiteElo "3087"]
[BlackElo "2519"]
[TimeControl "180+1"]
[EndTime "14:07:06 PDT"]
[Termination "jefferyx won by resignation"]

1. e4 e5 2. Nf3 Nc6 3. Nc3 Nf6 4.
d4 exd4 5. Nxd4 Bb4 6. Nxc6 bxc6 7. Bd3 d5 8. exd5 O-O 9. O-O cxd5 10. h3 c6 11. Qf3 Be6 12. Bf4 Bd6 13. Ne2 Qb8 14.
b3 Re8 15. Rfd1 c5 16. c3 a5 17. Bc2 Ne4 18. Bxd6 Nxd6 19. Nf4 a4 20. Nxd5 axb3 21. axb3 Rxa1 22. Rxa1 Qb7 23. Rd1 Qa7 24. Nf4 Nf5 25.
Nxe6 fxe6 26. Bxf5 exf5 27. Qxf5 Rf8 28. Qe5 h6 29. Rd3 Qa2 30. Qd5+ Kh8 31. Rf3 Rxf3 32. Qxf3 Qxb3 33. Qf8+ Kh7 34. Qxc5 Qd1+ 35. Kh2 Qc2 36. Qd4 Kh8 37. c4 Qc1 38. c5 Qc2 39. f3 Qc1 40. Qd6 h5 41. c6 h4 42. Qd8+ Kh7 43. Qxh4+ Kg6 44. Qg3+ Kf7 45. Qd6 Qc4 46. c7 Qc3 47. h4 Qc1 48. Qd7+ Kf6 49. c8=Q Qf4+ 50. Kh3 1-0

[Event "Late-Titled-Tuesday-Blitz-June-04-2024"]
[Site "Chess.com"]
[Date "2024.06.04"]
[Round "1"]
[White "giovannibrandao7"]
[Black "fly_21"]
[Result "1-0"]
[WhiteElo "2338"]
[BlackElo "2613"]
[TimeControl "180+1"]
[EndTime "14:07:06 PDT"]
[Termination "giovannibrandao7 won by checkmate"]

1. e4 c5 2. Nf3 d6 3. d4 cxd4 4. Nxd4 Nf6 5. Nc3 a6 6. Be3 e6 7. f3 b5 8. Qd2 Nbd7 9. g4 h6 10. h4 b4 11. Nce2 d5 12. exd5 Nxd5 13. Bf2 Bb7 14. O-O-O Be7 15. Kb1 Rc8 16. Nc1 Nc5 17. Ncb3 Na4 18. Bd3 Qd7 19. Rhe1 O-O 20. g5 Nac3+ 21.
bxc3 Nxc3+ 22. Ka1 Qa4 23. Nc1 Bd5 24. Ndb3 hxg5 25.
hxg5 Rfd8 26. Bb6 Rd7 27. Rh1 Bxf3 28. Qh2 Bxh1 29. Rxh1 Rxd3 30. Qh8# 1-0

[Event "Late-Titled-Tuesday-Blitz-June-04-2024"]
[Site "Chess.com"]
[Date "2024.06.04"]
[Round "1"]
[White "FischerKasparow"]
[Black "PotapovaM"]
[Result "0-1"]
[WhiteElo "2098"]
[BlackElo "2539"]
[TimeControl "180+1"]
[EndTime "14:07:06 PDT"]
[Termination "PotapovaM won on time"]

1. e4 c5 2. Nf3 d6 3. d4 cxd4 4. Nxd4 Nf6 5. Nc3 a6 6. a4 e6 7. Be2 Be7 8. O-O O-O 9. Kh1 Nc6 10. Be3 Bd7 11. f4 Rc8 12. Qe1 Qc7 13. Qg3 Kh8 14. Nxc6 Bxc6 15. e5 Nd5 16. Nxd5 Bxd5 17. c3 dxe5 18.
fxe5 Bc5 19. Bg5 Be7 20. Bf4 Rcd8 21. Rfd1 Qc6 22. Bd3 Be4 23. h3 Bc5 24. Bg5 Rc8 25.
Qf4 Bg6 26. h4 Bb6 27. h5 Bxh5 28. Bxh7 Kxh7 29. Qh4 g6 30. Bf6 Qc4 31. Qh2 Qe4 32.
Re1 Qg4 0-1

[Event "Late-Titled-Tuesday-Blitz-June-04-2024"]
[Site "Chess.com"]
[Date "2024.06.04"]
[Round "1"]
[White "topce"]
[Black "ChessQueen"]
[Result "1-0"]
[WhiteElo "2440"]
[BlackElo "2745"]
[TimeControl "180+1"]
[EndTime "14:07:07 PDT"]
[Termination "topce won by resignation"]

1. c4 e5 2. Nc3 Nf6 3. Nf3 Nc6 4.
e4 Bb4 5. d3 d6 6. h3 O-O 7. a3 Ba5 8. g4 Ne7 9. b4 Bb6 10. Na4 c6 11. Nxb6 axb6 12. Be3 d5 13. exd5 cxd5 14. Nxe5 Re8 15. Be2 Nc6 16. Nxc6 bxc6 17.
O-O Be6 18. Bf3 Rc8 19. Rc1 dxc4 20. dxc4 Qc7 21. Qe2 Nd7 22. Rfd1 Nf8 23. Be4 h5 24. gxh5 Bxh3 25. Qf3 Be6 26. h6 Ng6 27. hxg7 Qe5 28. Bd4 Qg5+ 29. Qg3 Qxg3+ 30. fxg3 Bg4 31. Re1 c5 32.
bxc5 bxc5 33. Bf6 Re6 34. Bc3 Rce8 35. Bd5 Rxe1+ 36. Rxe1 Rxe1+ 37. Bxe1 Kxg7 38. Bc3+ Kf8 39. a4 Ke7 40. a5 Bc8 41. Bd2 Ne5 42. Be3 Kd6 43.
Bf4 f6 44. Kf2 Ba6 45. Ke3 Ke7 46. Bxe5 fxe5 47. g4 Kf6 48. Ke4 Bc8 49. Kf3 Kg5 50. Ke4 Kf6 51. g5+ Kxg5 52. Kxe5 Kg6 53. Kd6 Kf6 54. Kc7 1-0

[Event "Late-Titled-Tuesday-Blitz-June-04-2024"]
[Site "Chess.com"]
[Date "2024.06.04"]
[Round "1"]
[White "Alex_Banzea"]
[Black "norwaytoadog"]
[Result "0-1"]
[WhiteElo "2612"]
[BlackElo "2336"]
[TimeControl "180+1"]
[EndTime "14:07:07 PDT"]
[Termination "norwaytoadog won on time"]

1. d4 d5 2. Nc3 Nf6 3. Bf4 c5 4. e3 cxd4 5. exd4 a6 6. Bd3 Nc6 7. Nge2 Nb4 8. h4 e6 9. h5 h6 10. f3 Bd6 11. a3 Nxd3+ 12. Qxd3 Bxf4 13. Nxf4 Qd6 14. Qe3 Bd7 15. O-O-O O-O-O 16. Nd3 b6 17. Ne2 Kb7 18. Kb1 Rc8 19. Ne5 Ba4 20. Rc1 Rc7 21.
g4 Rhc8 22. c3 a5 23. g5 hxg5 24. Qxg5 Bb5 25. Qxg7 Nxh5 26. Rxh5 Bxe2 27. Qf6 b5 28.
Rh7 b4 29. axb4 axb4 30. Rxf7 b3 31. Re1 Qa6 32. Kc1 Qa1+ 33. Kd2 Qxb2+ 34. Ke3 Qxc3+ 35. Kxe2 Qxd4 36. Rb1 b2 0-1

[Event "Late-Titled-Tuesday-Blitz-June-04-2024"]
[Site "Chess.com"]
[Date "2024.06.04"]
[Round "1"]
[White "stolencandy13"]
[Black "GMthekingindian"]
[Result "0-1"]
[WhiteElo "2626"]
[BlackElo "2357"]
[TimeControl "180+1"]
[EndTime "14:07:08 PDT"]
[Termination "GMthekingindian won by resignation"]

1. d4 d5 2. Bf4 Nf6 3. e3 c5 4. c3 Nc6 5. Nd2 e6 6. Bd3 Bd6 7. Bxd6 Qxd6 8. f4 cxd4 9. cxd4 O-O 10. Ngf3 Ng4 11. Bxh7+ Kxh7 12. Ng5+ Kg8 13. Qxg4 f6 14. h4 e5 15. Qh5 fxg5 16. hxg5 Bf5 17. fxe5 Nxe5 18.
dxe5 Qxe5 19. g6 Qxe3+ 20. Kd1 Qh6 21. Qxh6 gxh6 22. Nf3 Kg7 23. Kd2 Bxg6 24. Rac1 Rac8 25. Rhe1 Rxc1 26. Rxc1 Be4 27. Rc7+ Rf7 28. Rc3 Bxf3 29. gxf3 Kf6 30. Ke3 Kf5 31. Rc5 Rd7 32. Rc8 d4+ 33. Kd3 Kf4 34. Rf8+ Kg3 35. Rh8 Kxf3 36. Rxh6 Kf4 37.
Rh5 Kf3 38. Rf5+ Kg4 39. Rf1 Kg5 40. b4 Kg4 41. a4 Kg5 42. b5 Kg4 43. a5 Rd5 44.
Kc4 Rd6 45. Rf7 d3 46. Rf1 d2 47. Rd1 Kf3 48. Kc3 Ke2 49. Kc2 Rd5 50. Rh1 d1=Q+ 0-1

[Event "Late-Titled-Tuesday-Blitz-June-04-2024"]
[Site "Chess.com"]
[Date "2024.06.04"]
[Round "1"]
[White "N_Mullodzhanov"]
[Black "denizozen"]
[Result "0-1"]
[WhiteElo "2500"]
[BlackElo "2929"]
[TimeControl "180+1"]
[EndTime "14:07:09 PDT"]
[Termination "denizozen won by checkmate"]

1. e4 e5 2. Nf3 Nf6 3. Nc3 Nc6 4. d4 exd4 5. Nxd4 Bb4 6. Nxc6 bxc6 7. Bd3 O-O 8. O-O d5 9. exd5 cxd5 10. h3 c6 11. Qf3 Bd6 12. Bf4 Rb8 13. b3 Be6 14. Rad1 Qc7 15. Ne2 Rfe8 16. Rfe1 c5 17. c4 d4 18. Bg5 Nd7 19. Bf5 Ne5 20. Qe4 Bxf5 21. Qxf5 Qd7 22.
Qxd7 Nxd7 23. Nc1 h6 24. Bd2 Ne5 25. f4 Nd7 26. Nd3 Nf6 27. Rxe8+ Rxe8 28. Re1 Rxe1+ 29.
Bxe1 Ne4 30. Kf1 f5 31. g4 fxg4 32. hxg4 Nf6 33. b4 cxb4 34. Bxb4 Bxb4 35. Nxb4 Nxg4 36.
c5 Kf7 37. Ke2 Ke6 38. Kf3 Nf6 39. Ke2 Nd5 40. f5+ Ke5 41. c6 Nc7 42. Nc2 Ke4 43. Kd2 h5 44. Ne1 h4 45. Nd3 Kxf5 46. Nf2 Ke5 47.
Kd3 Kd5 48. a4 a5 49. Nh3 Ne6 50. Kd2 Kxc6 51. Kd3 Kd5 52. Kd2 g5 53. Kd3 Nf4+ 54. Nxf4+ gxf4 55. Ke2 Ke4 56. Kf2 d3 57. Kg2 d2 58. Kg1 d1=Q+ 59. Kg2 Qg4+ 60. Kf2 Qg3+ 61. Kf1 Qh2 62. Ke1 Qg2 63. Kd1 Qf2 64. Kc1 Qe2 65. Kb1 Qd2 66. Ka1 Kd3 67. Kb1 Kc3 68. Ka1 Qb2# 0-1

[Event "Late-Titled-Tuesday-Blitz-June-04-2024"]
[Site "Chess.com"]
[Date "2024.06.04"]
[Round "1"]
[White "ExchangeAB"]
[Black "dretch"]
[Result "0-1"]
[WhiteElo "2464"]
[BlackElo "2864"]
[TimeControl "180+1"]
[EndTime "14:07:09 PDT"]
[Termination "dretch won by resignation"]

1. d4 d5 2. Nf3 Nf6 3. Bf4 c5 4. e3 Nc6 5. Nbd2 e6 6. c3 Be7 7. Bd3 Nh5 8. Be5 f6 9. Bg3 f5 10. dxc5 Nxg3 11. hxg3 Bxc5 12. c4 d4 13. exd4 Bxd4 14.
Nxd4 Qxd4 15. Qb3 Qe5+ 16. Kf1 O-O 17. Re1 Qf6 18. c5 Qd4 19. Nf3 Qxc5 20. Bc4 Kh8 21. Ng5 h6 22. Bxe6 Nd4 23. Qc3 Qxc3 24. bxc3 Nxe6 25. Nxe6 Bxe6 26. Rxe6 Rac8 27. Re3 f4 28. gxf4 Rxf4 29. Ke2 Ra4 30. Ra1 Rc5 31. Kd3 Rca5 32.
Re7 b6 33. Rb7 Rxa2 34. Re1 Rxf2 35. g4 Rf3+ 36. Kc4 Rf4+ 37. Kb3 Rxg4 38. Ree7 Rb5+ 39. Kc2 a5 40. Rb8+ Kh7 41. Ree8 h5 42. Rh8+ Kg6 43.
Rbd8 Rf5 44. Rd6+ Rf6 45. Rxf6+ gxf6 46. Rb8 h4 47. Rxb6 h3 48. Rb8 Rh4 49. Rg8+ Kf5 50.
Rg1 h2 51. Rh1 Kf4 0-1

[Event "Late-Titled-Tuesday-Blitz-June-04-2024"]
[Site "Chess.com"]
[Date "2024.06.04"]
[Round "1"]
[White "Alex_Sahakyan2006"]
[Black "Godzillator"]
[Result "1-0"]
[WhiteElo "2774"]
[BlackElo "2432"]
[TimeControl "180+1"]
[EndTime "14:07:09 PDT"]
[Termination "Alex_Sahakyan2006 won by resignation"]

1. e4 d5 2. exd5 Qxd5 3. Nc3 Qd8 4. Nf3 c6 5. d4 Nf6 6. Bc4 Bf5 7. Ne5 e6 8. g4 Be4 9. Nxe4 Nxe4 10. Qf3 Nd6 11. Bb3 Qf6 12. Qe2 Nd7 13. h4 h6 14.
Rh3 Nb5 15. c3 Nxe5 16. dxe5 Qd8 17. g5 hxg5 18. Bxg5 Be7 19. Rd3 Qa5 20. O-O-O Bxg5+ 21. hxg5 g6 22. Qf3 Rh7 23. Qf6 Qc7 24. a4 a6 25.
axb5 axb5 26. Kc2 Qe7 27. Qxe7+ Kxe7 28. Rd7+ Kf8 29. Rxb7 Rh2 30. Rd2 Rc8 31. Kb1 Kg7 32.
Bxe6 Rf8 33. Bd7 Kg8 34. e6 fxe6 35. Bxe6+ Kh8 36. Rdd7 Rh1+ 37. Ka2 Rh2 38. Kb3 Rh3 39. Re7 1-0

[Event "Late-Titled-Tuesday-Blitz-June-04-2024"]
[Site "Chess.com"]
[Date "2024.06.04"]
[Round "1"]
[White "Mikhail_Golubev"]
[Black "Sanan_Sjugirov"]
[Result "0-1"]
[WhiteElo "2501"]
[BlackElo "2951"]
[TimeControl "180+1"]
[EndTime "14:07:12 PDT"]
[Termination "Sanan_Sjugirov won by resignation"]

1. e4 e6 2. d4 d5 3. e5 c5 4.
c3 Nc6 5. Nf3 Bd7 6. Be2 Nge7 7.
Na3 cxd4 8. cxd4 Nf5 9. Nc2 Rc8 10. O-O Be7 11. Bd3 O-O 12. Bxf5 exf5 13. Re1 Be6 14. Qd3 h6 15. Bd2 a6 16. a3 Qd7 17. h4 Rc7 18. Bf4 Rfc8 19. Ne3 Na5 20. h5 Nc4 21. Rab1 b5 22. g3 a5 23. Ng2 a4 24. Bd2 Nxd2 25. Nxd2 f4 26. Nxf4 Bf5 27. Qf3 Bxb1 28. Nxb1 Rc1 29. Rd1 Bg5 30. Nc3 Bxf4 31.
gxf4 Rxd1+ 32. Qxd1 Rc4 33. Qf3 Rxd4 34. f5 Qd8 35. f6 Qd7 36. Kg2 b4 37. axb4 Qg4+ 38.
Qxg4 Rxg4+ 39. Kf3 Rxb4 40. Nxd5 Rxb2 41. Ne7+ Kf8 42. Nf5 gxf6 0-1

[Event "Late-Titled-Tuesday-Blitz-June-04-2024"]
[Site "Chess.com"]
[Date "2024.06.04"]
[Round "1"]
[White "ZverevLev"]
[Black "Marielchessy"]
[Result "1-0"]
[WhiteElo "2641"]
[BlackElo "2333"]
[TimeControl "180+1"]
[EndTime "14:07:12 PDT"]
[Termination "ZverevLev won on time"]

1. e4 c5 2. Nf3 d6 3. d4 cxd4 4. Nxd4 Nf6 5. Nc3 a6 6. Bg5 e6 7.
f4 Be7 8. Qf3 Qc7 9. O-O-O Nbd7 10.
g4 b5 11. Bxf6 Nxf6 12. g5 Nd7 13. f5 Bxg5+ 14. Kb1 Ne5 15. Qh5 Qd8 16. Nxe6 Bxe6 17. fxe6 g6 18. exf7+ Kxf7 19. Qe2 Rc8 20. Nd5 Rf8 21. Bh3 Rc5 22. Rhf1+ Kg7 23. Rxf8 Qxf8 24. Rf1 Qd8 25. Qf2 a5 26. Rd1 a4 27. Qg3 Bf6 28.
Nf4 Qb6 29. Ne6+ Kh8 30. Nxc5 Qxc5 31. Qf4 Bg7 32. Qg5 h5 33. Qd8+ Kh7 34. Qxd6 Qe3 35.
Be6 Qxe4 36. Qd8 a3 37. Bg8+ Kh6 38. Qd2+ g5 39. Qd6+ Ng6 40. bxa3 Qf5 41. Qe6 Qf8 42. Bf7 1-0

[Event "Late-Titled-Tuesday-Blitz-June-04-2024"]
[Site "Chess.com"]
[Date "2024.06.04"]
[Round "1"]
[White "Eduard_Limonov"]
[Black "Dexter_Dyke"]
[Result "1-0"]
[WhiteElo "2835"]
[BlackElo "2462"]
[TimeControl "180+1"]
[EndTime "14:07:13 PDT"]
[Termination "Eduard_Limonov won by checkmate"]

1. e4 e6 2. Nc3 a6 3. g3 b5 4. Bg2 Bb7 5. d4 b4 6. Nce2 f5 7. d5 fxe4 8. dxe6 dxe6 9. Qxd8+ Kxd8 10. Nh3 Nf6 11. Bf4 Bd6 12. O-O-O Ke7 13. Rhe1 Nbd7 14.
Nd4 Nc5 15. Bg5 Rhf8 16. Nf4 Kf7 17. Nb3 Nxb3+ 18. axb3 h6 19. Bxf6 gxf6 20. Bxe4 Bxe4 21. Rxe4 Rfe8 22. Nd3 a5 23. f4 h5 24. Kd2 Kg6 25. Ke3 Kf5 26. Kf3 e5 27. Rde1 a4 28. bxa4 Rxa4 29. h3 Ra5 30. g4+ hxg4+ 31. hxg4+ Kg6 32. f5+ Kg7 33. Nxb4 Rc5 34. c3 Rh8 35. Kg2 Rb5 36. Nd3 Rd5 37. R1e3 c5 38. Rc4 Rb8 39. Kf3 Rh8 40. Ke4 Rxd3 41. Rxd3 Rh2 42. Rxd6 Rxb2 43.
Rxc5 Kf8 44. Rc7 Re2+ 45. Kd5 Rd2+ 46. Ke6 Rxd6+ 47. Kxd6 e4 48. Ke6 e3 49. Kxf6 Ke8 50. Re7+ Kd8 51. Rxe3 Kd7 52. g5 Kc6 53. g6 Kc5 54. g7 Kc4 55. g8=Q+ Kb5 56. Re5+ Ka4 57. Qa2# 1-0

[Event "Late-Titled-Tuesday-Blitz-June-04-2024"]
[Site "Chess.com"]
[Date "2024.06.04"]
[Round "1"]
[White "Jahonas"]
[Black "SchmakAttack"]
[Result "0-1"]
[WhiteElo "2448"]
[BlackElo "2804"]
[TimeControl "180+1"]
[EndTime "14:07:13 PDT"]
[Termination "SchmakAttack won by resignation"]

1. d4 e6 2. Nf3 c5 3. c3 Nf6 4. Bg5 cxd4 5. Nxd4 d5 6. e3 Be7 7. Be2 O-O 8. O-O e5 9. Nf3 Nc6 10. Nbd2 Be6 11. h3 Qb6 12. Qb3 Rfd8 13. Rfd1 Qc7 14. Qa4 h6 15. Bh4 a6 16. Rac1 b5 17. Qc2 Rac8 18.
Qb1 Qb6 19. Nf1 e4 20. Nd4 Nxd4 21. cxd4 b4 22. Bg3 a5 23. Rxc8 Rxc8 24. Rc1 Qb7 25. Nd2 a4 26. f3 Bf5 27. Be5 exf3 28. Rxc8+ Qxc8 29. Bd3 Bxd3 30. Qxd3 Qc1+ 31. Kf2 Qxd2+ 32. Qxd2 Ne4+ 33. Ke1 Nxd2 34. Kxd2 fxg2 35. Bh2 Bd6 36. Bg1 f5 37. b3 axb3 38. axb3 Kf7 39. Ke2 g5 40. Kf3 Kg6 41. Kxg2 g4 42. hxg4 fxg4 43. Bf2 Kf5 44. Bg3 Bxg3 45. Kxg3 h5 0-1

[Event "Late-Titled-Tuesday-Blitz-June-04-2024"]
[Site "Chess.com"]
[Date "2024.06.04"]
[Round "1"]
[White "bazar-wokzal"]
[Black "glucolisis04"]
[Result "1-0"]
[WhiteElo "2584"]
[BlackElo "2267"]
[TimeControl "180+1"]
[EndTime "14:07:13 PDT"]
[Termination "bazar-wokzal won by resignation"]

1. e4 c5 2. c3 d5 3. exd5 Qxd5 4. d4 Nf6 5. Nf3 Bg4 6. dxc5 Qxd1+ 7. Kxd1 e5 8. b4 e4 9. h3 Bxf3+ 10. gxf3 exf3 11.
Nd2 Nc6 12. Nxf3 O-O-O+ 13. Kc2 Ne4 14. Be3 Be7 15. Bb5 Bf6 16. Bxc6 bxc6 17. Bd4 Bxd4 18. Nxd4 Nxf2 19. Rhf1 Nxh3 20. Rxf7 Rd7 21. Raf1 Ng5 22. R7f5 h6 23. Nxc6 Re8 24. Kb3 Re3 25. Rf8+ Kb7 26. Na5+ Kc7 27. Ra8 Ne6 28. Rxa7+ Kc8 29. Rxd7 Kxd7 30.
Rf7+ Ke8 31. Ra7 h5 32. Nc4 Nd4+ 33. Kb2 Re2+ 34. Kc1 Nf3 35. Rxg7 Rxa2 36. Nd6+ Kf8 37. Rf7+ Kg8 38. Rxf3 h4 39. c6 Ra1+ 40. Kb2 Ra7 1-0

[Event "Late-Titled-Tuesday-Blitz-June-04-2024"]
[Site "Chess.com"]
[Date "2024.06.04"]
[Round "1"]
[White "gamboajp"]
[Black "LeninGuerra"]
[Result "0-1"]
[WhiteElo "2044"]
[BlackElo "2533"]
[TimeControl "180+1"]
[EndTime "14:07:13 PDT"]
[Termination "LeninGuerra won by checkmate"]

1. c4 e5 2. Nc3 Nf6 3. g3 Bc5 4. e3 a6 5. Nge2 Ba7 6. Bg2 O-O 7. h3 d6 8. O-O c6 9. d4 h6 10. b3 Bf5 11. Bb2 Re8 12. dxe5 dxe5 13. Qxd8 Rxd8 14. e4 Bg6 15. Rad1 Nbd7 16. Kh2 Nc5 17. f3 Nd3 18.
Ba3 Nf2 19. Rxd8+ Rxd8 20. h4 Rd2 21. Bc1 Rc2 22. g4 b5 23. h5 Bh7 24. cxb5 axb5 25. a3 Bd4 26. Nxd4 exd4 27. Nb1 Nd3 28. Bd2 c5 29.
Rd1 c4 30. bxc4 bxc4 31. e5 Nd7 32. e6 fxe6 33. Kg3 c3 34. Bxc3 dxc3 35. a4 N7c5 36.
a5 Kf7 37. Bf1 Rc1 38. Rxc1 Nxc1 39. Nxc3 Bd3 40. a6 Bxa6 41. Bxa6 Nxa6 42. Ne4 Nd3 43. g5 Nac5 44. gxh6 gxh6 45. Nd6+ Kf6 46. Nc4 Ne5 47. Ne3 Ncd3 48. f4 Nf7 49. Ng4+ Kg7 50. Kf3 Nd6 51. Ke3 Nc5 52. Kd4 Nd7 53. Ne5 Nxe5 54. Kxe5 Nf5 55. Kxe6 Ng3 56. f5 Nxh5 57. Ke7 Nf6 58. Ke6 h5 59. Ke5 h4 60. Kf4 Kh6 61. Kf3 Kg5 62. Kg2 Kg4 63. Kh2 h3 64. Kh1 Kg3 65. Kg1 h2+ 66. Kh1 Ng4 67. f6 Nf2# 0-1

[Event "Late-Titled-Tuesday-Blitz-June-04-2024"]
[Site "Chess.com"]
[Date "2024.06.04"]
[Round "1"]
[White "rdarruda"]
[Black "talaicito"]
[Result "0-1"]
[WhiteElo "2533"]
[BlackElo "2185"]
[TimeControl "180+1"]
[EndTime "14:07:14 PDT"]
[Termination "talaicito won by checkmate"]

1. Nf3 f5 2. d3 Nf6 3. g3 d6 4.
b3 e5 5. Bb2 Be7 6. Nbd2 O-O 7.
Bg2 Nc6 8. e4 a5 9. a3 Kh8 10. Qe2 Bd7 11. O-O-O Qb8 12. Nh4 fxe4 13. dxe4 Qa7 14. f3 a4 15. b4 Nxb4 16. axb4 a3 17. Ba1 g6 18. Nb3 Be6 19. Rhe1 a2 20. Qe3 Qa3+ 21.
Kd2 Nh5 22. Bf1 Qxb4+ 23. Qc3 Qb6 24. Qe3 c5 25. Ng2 Ra3 26. Kc1 Bxb3 27. cxb3 Rxb3 28. Rd3 Rb1+ 29. Kc2 c4 30. Qxb6 cxd3+ 31. Kxd3 Rxb6 32. f4 Bf6 33. Re2 exf4 34. Bxf6+ Rxf6 35. Rxa2 fxg3 36.
Ne3 gxh2 37. Rxh2 Rb3+ 38. Kd4 Rxe3 39. Kxe3 Rxf1 40. Rb2 Re1+ 41. Kd4 Rd1+ 42. Ke3 g5 43.
Rxb7 g4 44. Rd7 g3 45. Kf3 Rd3+ 46. Kg2 Rd2+ 47. Kh3 g2 48. Kh2 Nf4 49. Kg1 Rd1+ 50. Kf2 g1=Q+ 51. Kf3 Rf1# 0-1

[Event "Late-Titled-Tuesday-Blitz-June-04-2024"]
[Site "Chess.com"]
[Date "2024.06.04"]
[Round "1"]
[White "StoreySniper"]
[Black "crescentmoon2411"]
[Result "0-1"]
[WhiteElo "2480"]
[BlackElo "2905"]
[TimeControl "180+1"]
[EndTime "14:07:15 PDT"]
[Termination "crescentmoon2411 won on time"]

1. e4 c6 2. Nc3 d5 3. Nf3 Bg4 4. d4 e6 5. exd5 cxd5 6. h3 Bh5 7. g4 Bg6 8. Ne5 Nc6 9. Nxg6 hxg6 10. Bg2 Bd6 11. Be3 a6 12. Qe2 Nge7 13. O-O-O Qc7 14. Kb1 O-O-O 15. h4 Na5 16. Na4 Nc4 17. b3 Nb6 18. Nc5 Kb8 19. Rc1 Nd7 20. c4 Nxc5 21. dxc5 Bf4 22.
Bxf4 Qxf4 23. Qe3 Qxg4 24. Bf3 Qf5+ 25. Kb2 d4 26. Qe4 Qxe4 27. Bxe4 f5 28. Bd3 e5 29.
f3 Nc6 30. a3 Rh6 31. b4 Rdh8 32. b5 Nd8 33. Rce1 Nf7 34. Rhg1 Rxh4 35. Rxg6 e4 36. Rxg7 Ne5 37. Bxe4 fxe4 38. Rxe4 Rxe4 39. fxe4 Nxc4+ 40. Kb3 axb5 41. Rd7 Na5+ 42. Kb4 Nc6+ 43. Kxb5 Rh3 44. Ka4 Re3 45. e5 Rxe5 46. Kb5 Re3 47. a4 Rb3+ 48. Kc4 Rb4+ 49. Kd5 d3 0-1